 Dungeon Crawl Stone Soup version 0.29.1-15-g9cfb28693d (webtiles) character file.

Game seed: 2162166140073568049

35 hawla the Firebug (level 3, -4/26 HPs)
             Began as a Meteoran Fire Elementalist on Apr 22, 2023.
             Slain by a river rat (7 damage)
             ... on level 3 of the Dungeon.
             The game lasted 00:02:09 (387 turns).

hawla the Firebug (Meteoran Fire Elementalist)       Turns: 387, Time: 00:02:11

Health: -4/26      AC:  2    Str: 10    XL:     3   Next: 76%
Magic:  8/8        EV: 13    Int: 18    God:
Gold:   59         SH:  0    Dex: 14    Spells: 7/8 levels left

rFire   . . .      SeeInvis .   (no weapon)
rCold   . . .      Faith    .   (no shield)
rNeg    . . .      Spirit   .   a - +0 robe
rPois   .          Reflect  .   (no helmet)
rElec   .          Harm     .   (no cloak)
rCorr   .          Rampage  .   (no gloves)
Will    .....                   (no boots)
Stlth   +.........              (no amulet)
HPRegen 0.08/turn               (no ring)
MPRegen 0.11/turn               (no ring)

@: very slightly contaminated, glowing
A: sense surroundings 1, otherworldly, glowing, explore regen, sturdy frame 1
a: no special abilities


You were on level 3 of the Dungeon.
You visited 1 branch of the dungeon, and saw 3 of its levels.

You collected 59 gold pieces.

Inventory:

Armour
 a - a +0 robe (worn)
Wands
 h - a wand of iceblast (10)
Scrolls
 c - a scroll of amnesia {unknown}
 d - a scroll of enchant armour {unknown}
 e - a scroll of identify {unknown}


   Skills:
 + Level 3.0 Dodging
 - Level 1.4 Stealth
 + Level 3.1 Spellcasting
 + Level 1.3 Conjurations
 + Level 4.6 Fire Magic


You had 7 spell levels left.
You knew the following spells:

 Your Spells              Type           Power      Damage    Failure   Level
a - Foxfire               Conj/Fire      52%        2x1d6     4%          1

Your spell library contained the following spells:

 Spells                   Type           Power      Damage    Failure   Level
 Scorch                   Fire           38%        2d7       3%          2
 Conjure Flame            Conj/Fire      13%        6-21      14%         3
 Inner Flame              Hex/Fire       11%        N/A       19%         3
 Flame Wave               Conj/Fire      13%        2d6       43%         4


Dungeon Overview and Level Annotations

Branches:
Dungeon (3/15) Zot: 1412

Altars:

Portals:
Sewer: D:3


Innate Abilities, Weirdness & Mutations

You passively map a small area around you.
You are easily found by Zot.
You glow in the dark.
You regain HP and MP as you explore.
Your movements are slightly less encumbered by armour. (ER -2)


Message History

The ball python constricts you.
Casting: Foxfire (safe; 4% risk of failure)
Confirm with . or Enter, or press ? or * to list all spells.
You conjure some foxfire!
You hear the rusting of a drain.
The giant cockroach bites you but does no damage.
The rat misses you. The ball python bites you. The ball python constricts you.
Unknown command.
The foxfire hits the river rat.
The river rat is lightly wounded.
The foxfire hits the ball python.
You kill the ball python!
The giant cockroach closely misses you. The rat closely misses you.
The giant cockroach waves its antennae.
Casting: Foxfire (safe; 4% risk of failure)
Confirm with . or Enter, or press ? or * to list all spells.
You conjure some foxfire!
The foxfire hits the rat.
You kill the rat!
The giant cockroach bites you but does no damage.
The river rat bites you.
The foxfire hits the river rat.
The river rat is moderately wounded.
Magic courses through your body. The giant cockroach bites you.
The river rat bites you.
It was a potion of curing.
You feel better. The giant cockroach misses you. The rat bites you.
The giant cockroach closely misses you. The river rat barely misses you.
The river rat is engulfed in a cloud of scalding steam.
The river rat bites you.
Casting: Foxfire (safe; 4% risk of failure)
Confirm with . or Enter, or press ? or * to list all spells.
You don't know that spell.
Unknown command.
It was a potion of mutation.
You feel extremely strange.
You feel less encumbered by your armour.
The giant cockroach closely misses you. The rat barely misses you.
The giant cockroach barely misses you. The river rat bites you!
* * * LOW HITPOINT WARNING * * *
The river rat is engulfed in a cloud of scalding steam.
The river rat bites you!
You die...

#
#................##
#
###.###....##.....#
## *#.
#....######## .. ..
#.....#∩~~~~# .....
#####.#~~~~.# ....
#.#~~~~.# ..
#.#~r~..# .. ,
#.#rBr..# .. ,
#..r@B# * # #######


You could see 2 river rats, 2 giant cockroaches and 2 rats.

Vanquished Creatures
  An adder (D:3)
  A white imp (D:3)
  An orc (D:3)
  2 bats
  A giant cockroach (D:3)
  2 goblins (D:3)
  3 hobgoblins (D:3)
  A kobold (D:3)
  4 ball pythons
  A frilled lizard (D:3)
  A rat (D:3)
18 creatures vanquished.

Vanquished Creatures (others)
  42 foxfires
42 creatures vanquished.

Grand Total: 60 creatures vanquished

Notes
Turn   | Place    | Note
-------+----------+-------------------------------------------
     0 | D:1      | hawla the Meteoran Fire Elementalist began the quest for
                  | the Orb.
     0 | D:1      | Reached XP level 1. HP: 14/14 MP: 5/5
    61 | D:1      | Found a faded altar of an unknown god.
    87 | D:3      | Reached XP level 2. HP: 17/20 MP: 2/6
    94 | D:3      | Reached skill level 4 in Fire Magic
   212 | D:3      | Reached XP level 3. HP: 26/26 MP: 5/8
   378 | D:3      | Found a glowing drain.
   387 | D:3      | Gained mutation: Your movements are slightly less
                  | encumbered by armour. (ER -2) [potion of mutation]
   387 | D:3      | Slain by a river rat

Illustrated notes

Levels and vault maps discovered:
D:1:      ncdulo_halloftheorcs, layout_loops_ring,
          hellmonk_ecumenical_altar_leap_of_faith
D:2:      minmay_inner_zag, layout_loops_ring, minmay_crystal_room, uniq_robin
D:3:      layout_rooms, portal_sewer_entry_b, kennysheep_generic_room_11

Skill      XL: |  1  2  3 |
---------------+----------+-----
Fire Magic     | 4 |  4.6
Spellcasting   | 3 |  3.1
Dodging        | 3 |  3.0
Stealth        | |  1.4
Conjurations   | |  1.3

Action                   || total
-------------------------++-------
Melee: Unarmed           ||     5
 Cast: Foxfire           ||    26
  Use: Scroll            ||     1
       Potion            ||     3
Armor: Robe              ||     8
Dodge: Dodged            ||    18
